 Dungeon Crawl Stone Soup version 0.21-a0-111-g52d2817 (webtiles) character file.

7249 Duffy the Cleaver (level 11, -8/58 HPs)
             Began as a Vine Stalker Gladiator on July 11, 2017.
             Was a Priest of Cheibriados.
             Mangled by a two-headed ogre
             ... wielding a +0 giant club
              (21 damage)
             ... on level 9 of the Dungeon.
             The game lasted 00:09:34 (7540 turns).

Duffy the Cleaver (Vine Stalker Gladiator)          Turns: 7540, Time: 00:09:35

Health: -8/58      AC: 14    Str: 26    XL:     11   Next: 12%
Magic:  0/12       EV: 10    Int: 15    God:    Cheibriados [***...]
Gold:   432        SH:  0    Dex: 24    Spells: 10/10 levels left

rFire    + + .     SeeInvis .   N - +0 battleaxe (curse)
rCold    . . .     Gourm    .   (shield currently unavailable)
rNeg     . . .     Faith    .   h - +0 plate armour
rPois    .         Spirit   +   (helmet restricted)
rElec    .         Reflect  .   s - +0 cloak
rCorr    +         Harm     +   (no gloves)
MR       +....                  n - +0 pair of boots
Stlth    ..........             y - amulet of harm
HPRegen  0.59/turn              o - ring of resist corrosion
MPRegen  0.13/turn              I - ring of protection from fire

@: very slow
A: fangs 3, horns 1, fire resistance 1, regeneration 1, magic shield, antimagic
bite, no potion heal 3, rot immunity, subdued magic 1, MP-powered wands, sturdy
frame 1
a: Bend Time, Temporal Distortion, Renounce Religion


You were on level 9 of the Dungeon.
You worshipped Cheibriados.
Cheibriados was most pleased with you.
You were not hungry.

You visited 2 branches of the dungeon, and saw 10 of its levels.
You also visited: Ossuary.

You collected 432 gold pieces.

Inventory:

Hand Weapons
 a - a +1 war axe
 w - a +0 blowgun
 N - a cursed +0 battleaxe (weapon)
Missiles
 d - 3 throwing nets (quivered)
Armour
 c - a +0 helmet
 h - a +0 plate armour (worn)
 n - a +0 pair of boots (worn)
 s - a +0 cloak (worn)
 u - a scarf of repulsion
Jewellery
 b - an uncursed ring of wizardry
 o - a ring of resist corrosion (left hand)
 y - an amulet of harm (around neck)
 I - a ring of protection from fire (right hand)
Wands
 j - a wand of scattershot (6/9)
 k - a wand of confusion (33/48)
 v - a wand of polymorph (15/24)
 z - a wand of polymorph (24/24)
 F - a wand of flame (32/48)
 K - a wand of digging (21/24)
 O - a wand of flame (27/48)
Scrolls
 e - 2 scrolls of blinking
 g - a scroll of remove curse
 m - a scroll of recharging
 q - 5 scrolls of teleportation
 r - a scroll of acquirement {unknown}
 C - 2 scrolls of immolation
 D - 2 scrolls of enchant weapon
Potions
 i - 5 potions of curing
 l - a potion of mutation
 p - a potion of flight {unknown}
 t - 3 potions of ambrosia
 A - 2 potions of agility
 G - a potion of cancellation {unknown}
 H - 2 potions of invisibility
 L - a potion of might
 M - a potion of magic {unknown}
Comestibles
 f - 9 bread rations
 x - 12 fruits
 B - 4 meat rations


   Skills:
 - Level 6.8 Fighting
 * Level 12.5 Axes
 - Level 1.7 Throwing
 + Level 5.4 Armour
 - Level 2.4 Dodging


You had 10 spell levels left.
You didn't know any spells.

Dungeon Overview and Level Annotations

Branches:
Dungeon (9/15)             Temple (1/1) D:6
   Lair: D:8-11         Orc: D:9-12

Altars:
Ashenzari
Cheibriados
Dithmenos
Elyvilon
Fedhas
Gozag
Hepliaklqana
Kikubaaqudgha
Makhleb
Nemelex Xobeh
Okawaru
Qazlal
Ru
Sif Muna
Trog
Uskayaw
Vehumet
Wu Jian
Xom
Yredelemnul
Zin
The Shining One

Annotations:
D:8 exclusions: obsidian statue and orange crystal statue


Innate Abilities, Weirdness & Mutations

You have razor-sharp teeth.
Your natural rate of healing is unusually fast.
When hurt, damage is shared between your health and your magic reserves.
Your bite disrupts and absorbs the magic of your enemies.
Potions cannot restore your health.
You are immune to rotting.
You have a pair of small horns on your head.
Your flesh is heat resistant. (rF+)
Your spells are a little easier to cast, but a little less powerful.
You expend magic power (3 MP) to strengthen your wands.
Your movements are slightly less encumbered by armour. (ER -2)


Message History

You are too injured to fight recklessly!
You are too injured to fight recklessly!
You are too injured to fight recklessly!
You are too injured to fight recklessly!
You are too injured to fight recklessly!
You are too injured to fight recklessly!
You are too injured to fight recklessly!
You are too injured to fight recklessly!
You are too injured to fight recklessly!
You are too injured to fight recklessly!
You are too injured to fight recklessly!
You are too injured to fight recklessly!
You are too injured to fight recklessly!
You are too injured to fight recklessly!
You are too injured to fight recklessly!
You are too injured to fight recklessly!
You are too injured to fight recklessly!
You rip the net and break free!
The two-headed ogre hits you with a giant club!!
You die...

#. . #.# #.# ###.###.#
#.# ..#..##.# #.# #
#.##.##.# #.# ...
#.##.##.# #.#
....###.##.##.# #.#
........##$##.######.###
......)@(((.(..%........
......O.......######=###
..##...#.#.#...# #.# #
##.##.#...#..# #.# # #.
##...###... ..# # ~.
##... .###### # K~ #.#.$
## # .K~ #.##.# #.


You could see a two-headed ogre and 2 kobolds.

Vanquished Creatures
  2 two-headed ogres
  The ghost of PeterMcNeter the Zephyrmancer, a novice TeAE of Vehumet (D:7)
  Pikel (D:3)
  An ugly thing (D:9)
  Grinder (D:6)
  A hippogriff (D:9)
  2 wraiths (Ossuary)
  A hungry ghost (D:7)
  Eustachio (D:5)
  A water moccasin (D:5)
  3 sky beasts
  3 orc warriors
  A black bear (D:7)
  A hornet zombie (D:9)
  A phantom (D:5)
  3 centaurs
  5 ogres
  2 bullfrogs
  A big kobold (D:9)
  2 elf zombies (D:7)
  2 elf skeletons (D:7)
  2 scorpions
  A howler monkey (D:4)
  3 wights (Ossuary)
  3 crimson imps
  A centaur zombie (D:6)
  6 hounds
  A jelly (D:9)
  A bullfrog zombie (D:7)
  4 orc priests
  A bullfrog skeleton (D:5)
  Crazy Yiuf (D:2)
  3 centaur skeletons
  Jessica (D:2)
  A human skeleton (D:7)
  An iguana (D:7)
  Ijyb (D:4)
  5 worker ants
  9 orc wizards
  2 killer bee zombies
  7 gnolls
  9 adders
  2 shadow imps
  An ooze (D:2)
  2 adder skeletons
  2 adder zombies (Ossuary)
  5 worms
  4 dart slugs
  6 leopard geckos
  31 orcs
  6 bats
  4 giant cockroaches
  6 goblins
  14 hobgoblins
  7 jackals
  6 quokkas
  4 frilled lizards
  A hobgoblin skeleton (Ossuary)
  A hobgoblin zombie (Ossuary)
  12 kobolds
  2 kobold zombies (Ossuary)
  An orc skeleton (Ossuary)
  3 orc zombies
  A quokka zombie (D:5)
  6 rats
  A fungus (D:2)
227 creatures vanquished.

Notes
Turn   | Place    | Note
-------+----------+-------------------------------------------
     0 | D:1      | Duffy the Vine Stalker Gladiator began the quest for the Orb.
     0 | D:1      | Reached XP level 1. HP: 11/11 MP: 2/2
   166 | D:1      | Reached skill level 3 in Axes
   166 | D:1      | Reached XP level 2. HP: 10/15 MP: 1/3
   975 | D:2      | Reached XP level 3. HP: 17/18 MP: 4/4
  1069 | D:2      | Gained mutation: Your natural rate of healing is unusually fast. [Vine Stalker growth]
  1069 | D:2      | Reached XP level 4. HP: 13/23 MP: 3/5
  1229 | D:2      | Reached skill level 4 in Axes
  1411 | D:2      | Noticed Jessica
  1416 | D:2      | Killed Jessica
  1416 | D:2      | Reached XP level 5. HP: 28/28 MP: 6/6
  1944 | D:2      | Found a runed door.
  1948 | D:2      | Noticed Crazy Yiuf
  1957 | D:2      | Killed Crazy Yiuf
  2177 | D:3      | Reached skill level 5 in Axes
  2177 | D:3      | Reached XP level 6. HP: 7/32 MP: 0/7
  2919 | D:3      | Found a deep blue altar of Sif Muna.
  3066 | D:4      | Noticed Pikel
  3066 | D:4      | Noticed a slave
  3066 | D:4      | Noticed a slave
  3066 | D:4      | Noticed a slave
  3066 | D:4      | Noticed a slave
  3083 | D:3      | Killed Pikel
  3083 | D:3      | Reached skill level 5 in Fighting
  3083 | D:3      | Reached skill level 6 in Axes
  3083 | D:3      | Reached XP level 7. HP: 12/39 MP: 3/8
  3083 | D:3      | Gained mutation: You have razor-sharp teeth. [Vine Stalker growth]
  3083 | D:3      | Reached XP level 8. HP: 13/43 MP: 3/9
  3172 | D:3      | Reached skill level 7 in Axes
  3402 | D:4      | Noticed Ijyb
  3420 | D:4      | Killed Ijyb
  3661 | D:4      | Gained mutation: Your spells are a little easier to cast, but a little less powerful. [mutagenic meat]
  3662 | D:4      | Gained mutation: Your movements are slightly less encumbered by armour. (ER -2) [mutagenic meat]
  3663 | D:4      | Gained mutation: Your flesh is heat resistant. (rF+) [mutagenic meat]
  3664 | D:4      | Gained mutation: You have a pair of small horns on your head. [mutagenic meat]
  3665 | D:4      | Gained mutation: You expend magic power (3 MP) to strengthen your wands. [mutagenic meat]
  3883 | D:5      | Entered Level 5 of the Dungeon
  4020 | D:5      | Reached skill level 8 in Axes
  4051 | D:5      | Noticed a two-headed ogre
  4055 | D:5      | HP: 1/44 [two-headed ogre/giant club (6)]
  4086 | D:5      | Killed a two-headed ogre
  4086 | D:5      | Reached skill level 9 in Axes
  4086 | D:5      | Reached XP level 9. HP: 8/49 MP: 5/10
  4725 | D:6      | Noticed Eustachio
  4923 | D:5      | Killed Eustachio
  4923 | D:5      | Reached skill level 1 in Armour
  4939 | D:6      | Reached skill level 10 in Axes
  5182 | D:6      | Found a staircase to the Ecumenical Temple.
  5199 | Temple   | Entered the Ecumenical Temple
  5309 | Temple   | Became a worshipper of Cheibriados the Contemplative
  5464 | D:6      | Noticed Grinder
  5465 | D:6      | Paralysed by Grinder for 7 turns
  5477 | D:6      | Killed Grinder
  5762 | D:7      | Reached XP level 10. HP: 53/53 MP: 11/11
  5777 | D:7      | Noticed PeterMcNeter's ghost (novice TeAE)
  5815 | D:7      | Killed PeterMcNeter's ghost
  5815 | D:7      | Reached skill level 11 in Axes
  5946 | D:7      | Found a sand-covered staircase.
  5960 | Ossuary  | Entered an ossuary
  6007 | Ossuary  | Reached * piety under Cheibriados
  6309 | D:7      | Noticed a two-headed ogre
  6313 | D:7      | Killed a two-headed ogre
  6520 | D:7      | Reached ** piety under Cheibriados
  6715 | D:8      | Reached skill level 12 in Axes
  6770 | D:8      | Noticed an orange crystal statue
  6970 | D:8      | Noticed an obsidian statue
  6993 | D:8      | Found a shattered altar of Ashenzari.
  6996 | D:8      | Found a deep blue altar of Sif Muna.
  6999 | D:8      | Found an opulent altar of Gozag.
  7007 | D:8      | Found a sacrificial altar of Ru.
  7037 | D:8      | Reached skill level 5 in Armour
  7136 | D:8      | Reached *** piety under Cheibriados
  7282 | D:9      | Reached XP level 11. HP: 57/58 MP: 12/12
  7458 | D:9      | Noticed a cyan ugly thing
  7465 | D:9      | Killed a cyan ugly thing
  7532 | D:9      | Noticed a two-headed ogre
  7540 | D:9      | Mangled by a two-headed ogre

Vault maps used:
D:1:      evilmike_arrival_hilbert_curve
D:2:      uniq_jessica, uniq_crazy_yiuf_cottage
D:3:      led_sif_pool
D:4:      kennysheep_generic_room_8, uniq_pikel, uniq_ijyb
D:5:      first_bread, grunt_ministairs_6
D:6:      minmay_temple_entry_glass, uniq_eustachio, uniq_grinder
D:7:      nicolae_ossuary_entry_catacombs, minmay_misc_feat_plants,
          grunt_ogre_cave
D:8:      minmay_separated_statues, grunt_temple_overflow_cloverleaf,
          minmay_lair_entry_lava
D:9:      trog_hazing_becter
Temple:   compressed_dpeg_circular_temple
Ossuary:  ossuary_due_cavern

Skill      XL: |  1  2  3  4  5  6  7  8  9 10 |
---------------+-------------------------------+-----
Fighting       | 2 3 5 6 |  6.8
Axes           | 3 4 5 6 9 10 12 | 12.5
Armour         | 2 5 |  5.4
Throwing       | |  1.7
Dodging        | |  2.4

Action                   |  1- 3 |  4- 6 |  7- 9 | 10-12 || total
-------------------------+-------+-------+-------+-------++-------
Melee: War axe           |    48 |   161 |   177 |    84 ||   470
       Bite              |    12 |    39 |    54 |    78 ||   183
       Headbutt          |       |       |    26 |    54 ||    80
       Battleaxe         |       |       |       |   119 ||   119
Throw: Throwing net      |       |     3 |       |       ||     3
  Use: Scroll            |       |       |    13 |     6 ||    19
 Stab: Held in net/web   |       |     2 |       |       ||     2
  Eat: Chunk             |       |     7 |    13 |     1 ||    21
       Royal jelly       |       |       |       |     2 ||     2
Armor: Scale mail        |     5 |    79 |       |       ||    84
       Ring mail         |     2 |       |       |       ||     2
       Leather armour    |     1 |       |       |       ||     1
       Chain mail        |       |    39 |    71 |       ||   110
       Plate armour      |       |       |    30 |   113 ||   143
Dodge: Dodged            |    26 |    98 |    80 |    65 ||   269
       Deflected         |       |     8 |     3 |       ||    11
